[Event "Live Chess"]
[Site "Chess.com"]
[Date "2023.09.16"]
[Round "-"]
[White "Megruo988"]
[Black "NavarroChess09"]
[Result "1-0"]
[WhiteElo "1712"]
[BlackElo "1326"]
[TimeControl "900+5"]
[EndTime "7:55:47 PDT"]
[Termination "Megruo988 venceu por xeque-mate"]

1. e4 d6 2. d4 Nf6 3. Nc3 Nc6 4. Nf3 g6 5. Be3 Bg7 6. Bd3 O-O 7. h4 Ng4 8. Bd2 Nxd4 9. Nxd4 Bxd4 10. Be3 Bxe3 11. fxe3 Nxe3 12. Qe2 Ng4 13. h5 c6 14. h6 Be6 15.
O-O-O d5 16. exd5 cxd5 17. Be4 Qb6 18. Nxd5 Bxd5 19. Bxd5 Nf2 20. Qe5 Qf6 21. Qxf6 exf6 22. Rhf1 Nxd1 23. Kxd1 Rad8 24. c4 b5 25. b3 bxc4 26.
bxc4 Rfe8 27. Rxf6 Re4 28. Kc2 Re2+ 29. Kb3 Rxd5 30. cxd5 Rxg2 31. Kc3 Rxa2 32. d6 Kf8 33. Kc4 Rd2 34. Kc5 a5 35. Kc6 a4 36. Kc7 a3 37. Rf3 a2 38. Ra3 Rc2+ 39. Kd7 Rd2 40. Ra8# 1-0

[Event "Live Chess"]
[Site "Chess.com"]
[Date "2023.09.16"]
[Round "-"]
[White "kslusk"]
[Black "Abofado"]
[Result "1-0"]
[WhiteElo "863"]
[BlackElo "566"]
[TimeControl "900+5"]
[EndTime "7:56:25 PDT"]
[Termination "kslusk venceu por xeque-mate"]

1. e4 c6 2. d4 d5 3. e5 f6 4.
exf6 exf6 5. Nc3 c5 6. Be3 cxd4 7. Bxd4 Nc6 8. Bb5 a6 9. Bxc6+ bxc6 10. Qe2+ Be7 11.
Bc5 h5 12. Bxe7 Nxe7 13. Nf3 Qb6 14. O-O Qc7 15. Rfe1 h4 16. Nd4 h3 17. Nxc6 hxg2 18. f4 Qxf4 19. Qxe7# 1-0

[Event "Live Chess"]
[Site "Chess.com"]
[Date "2023.09.16"]
[Round "-"]
[White "Edson_Zarnelli"]
[Black "Ggavioli"]
[Result "0-1"]
[WhiteElo "788"]
[BlackElo "1555"]
[TimeControl "900+5"]
[EndTime "7:56:45 PDT"]
[Termination "Ggavioli venceu por xeque-mate"]

1. e4 Nc6 2. d4 d5 3. exd5 Qxd5 4.
Nc3 Qxd4 5. Qxd4 Nxd4 6. Bd3 Nf6 7. Nge2 Nxe2 8. Bxe2 Bf5 9. Bd3 Bxd3 10. cxd3 O-O-O 11. Bg5 h6 12. Bxf6 exf6 13. Rd1 Bb4 14. O-O Bxc3 15.
bxc3 Rd6 16. d4 Rhd8 17. Rd2 c5 18. d5 Rxd5 19. Rxd5 Rxd5 20. Re1 Kd7 21. c4 Rd4 22. Rc1 Rd2 23. f4 Rxa2 24. Rd1+ Kc7 25. f5 Ra4 26. Rc1 Kc6 27. g4 b5 28. cxb5+ Kxb5 29. Kf2 Rxg4 30. Kf3 Rg5 31. Kf4 Rg2 32. h4 g5+ 33. hxg5 hxg5+ 34. Ke4 Rg4+ 35. Kd5 Rd4# 0-1

[Event "Live Chess"]
[Site "Chess.com"]
[Date "2023.09.16"]
[Round "-"]
[White "z_anne_ari"]
[Black "ABC2009V"]
[Result "0-1"]
[WhiteElo "1258"]
[BlackElo "2005"]
[TimeControl "900+5"]
[EndTime "7:58:10 PDT"]
[Termination "ABC2009V venceu por desistência"]

1. d4 Nf6 2. e3 g6 3. Bd3 d5 4. Nd2 Bg7 5. f4 c5 6. c3 cxd4 7. cxd4 O-O 8. Ngf3 Nbd7 9. O-O b6 10. Qe1 Bb7 11. Qh4 h6 12. f5 g5 13. Qf2 Ng4 14. Qe2 Nb8 15. Nxg5 hxg5 16. Qxg4 f6 17. e4 dxe4 18. Nxe4 Qxd4+ 19. Nf2 Qxg4 20. Nxg4 Nd7 21.
Bc4+ Kh8 22. Rf3 Bxf3 23. gxf3 Ne5 24. Nxe5 fxe5 25. Bxg5 Rxf5 26. Bxe7 Re8 27. Bb4 Rf4 28. Bb5 Rg8 29. Bd2 Bf8+ 30. Kf2 Bc5+ 31. Be3 Rgf8 32. Be2 e4 33. Bxc5 bxc5 34. Kg3 exf3 35. Bd3 f2 36. Rf1 Rf3+ 37. Kg2 Rxd3 38. Rxf2 Rxf2+ 39. Kxf2 Rd2+ 40. Kg3 Rxb2 41. h4 c4 42. Kg4 c3 0-1

[Event "Live Chess"]
[Site "Chess.com"]
[Date "2023.09.16"]
[Round "-"]
[White "P3treis"]
[Black "lucasbezerraja"]
[Result "0-1"]
[WhiteElo "919"]
[BlackElo "1791"]
[TimeControl "900+5"]
[EndTime "7:58:38 PDT"]
[Termination "lucasbezerraja venceu por xeque-mate"]

1. e4 c5 2. Nf3 d6 3. d4 cxd4 4. Nxd4 Nf6 5. Nc3 g6 6. Be3 Bg7 7. f3 O-O 8. Qd2 Nc6 9. Bc4 Bd7 10. O-O-O Rc8 11. b3 Na5 12. Bb5 a6 13. Bxd7 Nxd7 14. Nde2 e6 15. f4 Nc5 16. Bxc5 Rxc5 17. Qd3 Rc6 18. h4 Qc7 19. Kb2 Rc8 20. Rh3 b5 21.
a3 Nb7 22. Nd4 Bxd4 23. Qxd4 e5 24. fxe5 dxe5 25. Qe3 Nc5 26. Nd5 Na4+ 27. bxa4 Rxc2+ 28. Kb1 Rb2+ 29. Kxb2 Qc2+ 30. Ka1 Qxd1+ 31. Kb2 Rc2+ 32.
Kb3 Qb1# 0-1

[Event "Live Chess"]
[Site "Chess.com"]
[Date "2023.09.16"]
[Round "-"]
[White "KiwiDoFbi"]
[Black "danilo655"]
[Result "1-0"]
[WhiteElo "1310"]
[BlackElo "750"]
[TimeControl "900+5"]
[EndTime "7:58:40 PDT"]
[Termination "KiwiDoFbi venceu por desistência"]

1. e4 c5 2. Nf3 Nc6 3. d4 cxd4 4.
Nxd4 g6 5. Nc3 Bg7 6. Be3 Nf6 7. f3 e6 8. Qd2 O-O 9. Bc4 d5 10. exd5 exd5 11. Bb3 Re8 12. O-O-O Be6 13. Bg5 h6 14. Bxf6 Bxf6 15. Nxe6 Rxe6 16. Bxd5 Rd6 17. Bxf7+ Kxf7 18. Qxd6 Qxd6 19. Rxd6 Ke7 20. Rhd1 Be5 21. Rd7+ Ke6 22. Rxb7 Bd4 23. Nb5 Be3+ 24. Kb1 Rc8 25. Rd6+ Ke5 26.
Rxg6 a6 27. Na7 Rd8 28. a3 Rd2 29. Nxc6+ Kf5 30. Rgg7 Rd1+ 31. Ka2 Rd2 32. g4+ Ke6 33. Rge7+ Kd6 34. Rxe3 Kxc6 35. Rbe7 Rxc2 36. Rc3+ Rxc3 37. bxc3 Kc5 38. Kb3 Kb5 39. Re5+ Kb6 40. Kb4 Kc6 41. Re6+ Kb7 42. Rxh6 Ka7 43. Kc5 Kb7 44. Rh7+ Kc8 45.
Kd6 Kb8 46. Kc6 1-0

[Event "Live Chess"]
[Site "Chess.com"]
[Date "2023.09.16"]
[Round "-"]
[White "AlphaKaua10"]
[Black "Torugomilho11"]
[Result "1-0"]
[WhiteElo "1138"]
[BlackElo "1158"]
[TimeControl "900+5"]
[EndTime "7:58:45 PDT"]
[Termination "AlphaKaua10 venceu por desistência"]

1. d4 d5 2. c4 e6 3. cxd5 exd5 4. Nf3 Nf6 5. g3 Nc6 6. Bg2 Bg4 7. O-O h5 8. Nc3 Bb4 9. Ne5 Bxc3 10. bxc3 Nxe5 11. dxe5 Nd7 12. Bxd5 Nxe5 13. Bxb7 Rb8 14. Qxd8+ Rxd8 15. Bf3 Bxf3 16. exf3 Nxf3+ 17. Kg2 Ne5 18. Re1 f6 19. Bf4 O-O 20. Bxe5 fxe5 21. Rxe5 Rd3 22. Rc1 Rd2 23. Rf1 Rc2 24. Re7 Rxc3 25. f4 Rc2+ 26. Rf2 Rxf2+ 27. Kxf2 Rc8 28. Ke3 Kf8 29. Rd7 c5 30. Kd3 c4+ 31.
Kc3 a6 32. Rd4 Ke7 33. Rxc4 Rxc4+ 34. Kxc4 Kd7 35. Kc5 Kc7 36. a4 g6 37. h3 Kb7 38.
g4 hxg4 39. hxg4 Kc7 40. f5 Kd7 41. fxg6 1-0

[Event "Live Chess"]
[Site "Chess.com"]
[Date "2023.09.16"]
[Round "-"]
[White "MateusLuan08"]
[Black "Megruo988"]
[Result "1-0"]
[WhiteElo "1576"]
[BlackElo "1701"]
[TimeControl "900+5"]
[EndTime "7:59:00 PDT"]
[Termination "MateusLuan08 venceu por desistência"]

1. e4 e5 2. Nf3 Nc6 3. d4 exd4 4. Nxd4 Nf6 5. Nc3 Bb4 6. Nxc6 bxc6 7. Bd3 O-O 8. Bd2 Re8 9. O-O Bxc3 10. Bxc3 Nxe4 11.
Bxe4 Rxe4 12. Qf3 d5 13. Rfe1 Bg4 14. Qg3 Rxe1+ 15. Rxe1 Qg5 16. h3 d4 17. Bxd4 Qd2 18. Bc3 Qd7 1-0

[Event "Live Chess"]
[Site "Chess.com"]
[Date "2023.09.16"]
[Round "-"]
[White "VIAJEMCENTRODATERRA"]
[Black "abaakate"]
[Result "1/2-1/2"]
[WhiteElo "2002"]
[BlackElo "1907"]
[TimeControl "900+5"]
[EndTime "7:59:16 PDT"]
[Termination "Partida empatada por acordo"]

1. d4 Nf6 2. c4 e6 3. Nc3 d5 4. cxd5 exd5 5. Bg5 Be7 6. Qc2 O-O 7. e3 c6 8. Bd3 h6 9. Bh4 Re8 10. Nf3 Bg4 11. Ne5 Be6 12. h3 Nbd7 13. Nxd7 Qxd7 14. Bg3 Rac8 15. O-O c5 16. dxc5 Rxc5 17. Qd2 Rec8 18.
Ne2 Bf5 19. Rac1 Bxd3 20. Qxd3 Qc6 21. Qd2 1/2-1/2

[Event "Live Chess"]
[Site "Chess.com"]
[Date "2023.09.16"]
[Round "-"]
[White "ArthurMPRJ"]
[Black "ravypintodiniz"]
[Result "0-1"]
[WhiteElo "1486"]
[BlackElo "2065"]
[TimeControl "900+5"]
[EndTime "7:59:34 PDT"]
[Termination "ravypintodiniz venceu por desistência"]

1. d4 Nf6 2. c4 g6 3. f3 Bg7 4. e4 d6 5. Nc3 O-O 6. Nge2 e5 7. Be3 Nbd7 8. Qd2 c5 9. d5 a6 10.
Ng3 Ne8 11. Be2 f5 12. Bh6 f4 13. Bxg7 Nxg7 14. Nf1 Qh4+ 15. g3 fxg3 16. Nxg3 Nh5 17.
O-O-O Qf4 18. Nxh5 Qxd2+ 19. Kxd2 gxh5 20. Rhg1+ Kh8 21. Rg5 Nf6 22. Rdg1 Rg8 23. Rxg8+ Nxg8 24. Ke3 Bd7 25. f4 exf4+ 26. Kxf4 Rf8+ 27. Ke3 Nf6 28. Rf1 Bg4 29. e5 dxe5 30. Ne4 Bxe2 31. Rxf6 Rxf6 32. Nxf6 Kg7 33. Kxe2 Kxf6 34. Ke3 Ke7 35. a3 Kd6 36. b4 b5 37. bxc5+ Kxc5 38. cxb5 axb5 39. Ke4 Kd6 0-1

[Event "Live Chess"]
[Site "Chess.com"]
[Date "2023.09.16"]
[Round "-"]
[White "fernanndodod"]
[Black "daniel-drummond"]
[Result "1-0"]
[WhiteElo "1946"]
[BlackElo "1551"]
[TimeControl "900+5"]
[EndTime "8:00:03 PDT"]
[Termination "fernanndodod venceu por desistência"]

1. e4 e5 2. Nf3 Nc6 3. Bb5 a6 4. Ba4 Nf6 5. O-O Be7 6. Re1 d6 7. d4 b5 8. Bb3 Na5 9. dxe5 Nxb3 10. axb3 dxe5 11. Qxd8+ Bxd8 12. Nxe5 O-O 13. Nc6 Bb7 14. Nxd8 Raxd8 15. Bg5 Rfe8 16. Nc3 b4 17. Bxf6 gxf6 18.
Nd5 Bxd5 19. exd5 Rxe1+ 20. Rxe1 Rxd5 21. Kf1 Rd2 22. Re2 Rd1+ 23. Re1 Rd2 24. Rc1 c5 25. Ke1 Rd5 26. Ra1 Rd6 27. Ra5 Rc6 28. Ke2 Kf8 29.
Kd3 Ke7 30. c3 Kd6 31. cxb4 cxb4 32. Rh5 Rc1 33. Rxh7 Rf1 34. Ke2 Rb1 35. Rxf7 Rxb2+ 36. Ke1 Ke6 37. Ra7 Rb1+ 38. Kd2 Rxb3 39. Rxa6+ Kf7 40. Ra2 Rb1 41. Kc2 Rg1 42. g3 Rg2 43. Kb3 Rxh2 44.
Kxb4 Kg6 45. Kc3 Kg5 46. Kd3 Kg4 47. Ke2 f5 48. Ra4+ Kg5 49. Kf3 Rh3 50. Ra8 f4 51.
Rg8+ Kf6 52. Rf8+ Ke5 53. Rxf4 Rh1 54. Ra4 Rf1 55. Ra5+ Kf6 56. Kg2 Rd1 57. f4 Rd3 58.
Kh3 Re3 59. Kg4 Rd3 60. Ra6+ Kg7 61. Kh4 Rd5 62. g4 Rd4 63. f5 Kf7 64. Kh5 Rd5 65.
Kg5 Rc5 66. Ra7+ Kg8 67. Kg6 Rc6+ 68. f6 Rc8 69. g5 Rf8 70. Kh6 Kh8 71. Ra6 Rf7 72. g6 1-0

[Event "Live Chess"]
[Site "Chess.com"]
[Date "2023.09.16"]
[Round "-"]
[White "brenin12345"]
[Black "zxsimon"]
[Result "0-1"]
[WhiteElo "768"]
[BlackElo "1474"]
[TimeControl "900+5"]
[EndTime "8:00:08 PDT"]
[Termination "zxsimon venceu por xeque-mate"]

1. e4 c5 2. f4 Nc6 3. Nf3 g6 4. d4 cxd4 5. Nxd4 Bg7 6. Nxc6 bxc6 7. Nc3 Qa5 8. Bd2 Qc7 9. e5 e6 10. Qf3 Bb7 11. Qd3 Ne7 12. g4 c5 13. Rg1 Nd5 14.
Bg2 Nxc3 15. Bxb7 Qxb7 16. Qxc3 Rc8 17. O-O-O d6 18. exd6 Bxc3 19. Bxc3 Rg8 20. d7+ Ke7 21. dxc8=Q Rxc8 22. g5 Rb8 23. Bf6+ Kf8 24. b3 a5 25. Be5 Rc8 26. h4 c4 27. Kd2 Rd8+ 28. Ke2 Qe4+ 29. Kf2 Qxc2+ 30. Kg3 Rxd1 31. Rxd1 Qxd1 32. Kh3 Qf3+ 33.
Kh2 cxb3 34. Kg1 bxa2 35. Kh2 Qe2+ 36. Kg1 Qxe5 37. fxe5 a1=Q+ 38. Kf2 Qb2+ 39. Ke3 a4 40. Kf4 a3 41. Kg4 a2 42. h5 a1=Q 43. hxg6 Qd4+ 44. Kh5 Qh1# 0-1

[Event "Live Chess"]
[Site "Chess.com"]
[Date "2023.09.16"]
[Round "-"]
[White "Mika635Isa"]
[Black "mary260210"]
[Result "1/2-1/2"]
[WhiteElo "539"]
[BlackElo "896"]
[TimeControl "900+5"]
[EndTime "8:00:16 PDT"]
[Termination "Empate por afogamento"]

1. e4 e5 2. Nf3 Nc6 3. Nc3 d6 4.
Bc4 Be6 5. d3 Bxc4 6. dxc4 Nf6 7. O-O Qe7 8. Bg5 h6 9. Bxf6 Qxf6 10. Nd5 Qe6 11. Nxc7+ Kd7 12. Nxa8 Qe8 13. c5 Qxa8 14.
cxd6 Bxd6 15. Qd2 Qe8 16. Rad1 Qe6 17. c4 Ke7 18. Rc1 Bb4 19. Qd3 Qd6 20. Qxd6+ Bxd6 21. Rc3 Bb4 22. Rd3 a5 23. a3 Bc5 24. Nd2 Nd4 25. Nb3 Nxb3 26. Rxb3 a4 27. Rxb7+ Ke6 28. Rc7 Bd6 29. Rb7 Rc8 30. Rc1 Rb8 31. Rxb8 Bxb8 32. c5 f5 33. c6 fxe4 34. c7 Bxc7 35. Rxc7 Kf6 36. Ra7 g5 37. Rxa4 Kf5 38. b4 h5 39.
b5 Kf4 40. b6 g4 41. b7 g3 42. hxg3+ Kg4 43. b8=Q Kf5 44. Qf8+ Ke6 45. Qh6+ Kf5 46. f3 exf3 47. gxf3 e4 48. fxe4+ Kg4 49. Qg6+ Kh3 50. Ra5 h4 51. Rh5 1/2-1/2

[Event "Live Chess"]
[Site "Chess.com"]
[Date "2023.09.16"]
[Round "-"]
[White "RickBrasil"]
[Black "xadrecarloso"]
[Result "1-0"]
[WhiteElo "1884"]
[BlackElo "940"]
[TimeControl "900+5"]
[EndTime "8:00:22 PDT"]
[Termination "RickBrasil venceu por xeque-mate"]

1. e4 c5 2. Bc4 e6 3. Nc3 a6 4. f4 b5 5. Be2 Bb7 6. d3 Nf6 7. Bf3 d6 8. g4 d5 9. e5 Ne4 10. dxe4 dxe4 11. Qxd8+ Kxd8 12. Bxe4 Bc6 13. Bxc6 Nxc6 14.
Be3 Nd4 15. Bxd4 cxd4 16. O-O-O Bc5 17. Ne4 Bb6 18. Nd6 Ke7 19. Nf3 f6 20. Nxd4 fxe5 21. fxe5 Rad8 22. Nc6+ Kd7 23. Nxd8 Rxd8 24. Nf7+ Ke7 25.
Nxd8 Bxd8 26. Rd3 Ke8 27. Rhd1 Bg5+ 28. Kb1 Kf7 29. Rd7+ Kg6 30. Rb7 h6 31. Rdd7 h5 32. Rxg7+ Kh6 33. Rh7+ Kg6 34. Rbg7# 1-0

[Event "Live Chess"]
[Site "Chess.com"]
[Date "2023.09.16"]
[Round "-"]
[White "KauaShelby015"]
[Black "maylso"]
[Result "1/2-1/2"]
[WhiteElo "1293"]
[BlackElo "1430"]
[TimeControl "900+5"]
[EndTime "8:01:03 PDT"]
[Termination "Partida empatada por acordo"]

1. d4 Nf6 2. c4 g6 3. Nc3 Bg7 4. g3 O-O 5. Bg2 d6 6. e4 e5 7.
d5 Nbd7 8. Nf3 Nc5 9. O-O Ncxe4 10. Nxe4 Nxe4 11. Nxe5 Nxf2 12. Rxf2 Bxe5 13. Bf4 Bxf4 14. Rxf4 Bf5 15. Rc1 Re8 16. c5 Qf6 17. cxd6 cxd6 18.
Qb3 Re7 19. g4 Qh4 20. Qc3 Bd7 21. Rcf1 Rae8 22. Qf3 Re1 23. Rxf7 Rxf1+ 24. Bxf1 Bxg4 25. Qf6 1/2-1/2

[Event "Live Chess"]
[Site "Chess.com"]
[Date "2023.09.16"]
[Round "-"]
[White "z_anne_ari"]
[Black "Edson_Zarnelli"]
[Result "1-0"]
[WhiteElo "1259"]
[BlackElo "787"]
[TimeControl "900+5"]
[EndTime "8:01:16 PDT"]
[Termination "z_anne_ari venceu por xeque-mate"]

1. d4 d5 2. c4 e6 3. Nc3 c6 4. Nf3 Bb4 5. e3 Bxc3+ 6. bxc3 dxc4 7. Bxc4 b5 8. Bd3 Nf6 9. O-O O-O 10. Bc2 Qe8 11.
e4 Nbd7 12. e5 Nd5 13. Bxh7+ Kxh7 14. Ng5+ Kg6 15. Qd3+ Kh5 16. Qh7+ Kg4 17. Qh3# 1-0